 Dungeon Sprint DCSS version 0.30-a0-439-g9e77e4d916 (webtiles) character file.

Game seed: 14627972932824826679

1270 Darkkill the Covert (level 8, -13/59 HPs)
             Began as a Gargoyle Monk on Dec 10, 2022.
             Was a Priest of Nemelex Xobeh.
             Mangled by a large abomination (20 damage)
             ... in the Dungeon (Sprint VII: "The Pits").
             The game lasted 00:02:31 (292 turns).

Darkkill the Covert (Gargoyle Monk)                  Turns: 292, Time: 00:02:32

Health: -13/59     AC: 16    Str: 16    XL:     8   Next: 53%
Magic:  8/8        EV:  8    Int: 12    God:    Nemelex Xobeh [***...]
Gold:   0          SH:  0    Dex: 12    Spells: 7/7 levels left

rFire   . . .      SeeInvis .    j - +2 quarterstaff
rCold   . . .      Faith    .    (shield currently unavailable)
rNeg    + . .      Spirit   .    n - +3 chain mail
rPois   ∞          Reflect  .    (no helmet)
rElec   +          Harm     .    (no cloak)
rCorr   .          Rampage  .    (no gloves)
Will    .....      NoTele   +    (no boots)
Stlth   ++........               (no amulet)
HPRegen 0.29/turn                (no ring)
MPRegen 0.11/turn                (no ring)

@: no status effects
A: sickness immunity, AC +5, negative energy resistance 1, electricity
resistance, torment resistance 1, petrification resistance
a: Renounce Religion, Draw Escape, Draw Destruction, Draw Summoning, Triple Draw


You were in the Dungeon.
You worshipped Nemelex Xobeh.
Nemelex Xobeh was most pleased with you.
You visited 1 branch

Inventory:

Hand Weapons
 j - a +2 quarterstaff (weapon)
Missiles
 k - 10 stones (quivered)
Armour
 n - a +3 chain mail (worn)
Scrolls
 l - 5 scrolls of amnesia
 m - a scroll of summoning
Potions
 a - 2 potions of invisibility
 c - a potion of ambrosia
 d - 6 potions of curing {@q1}
 e - 4 potions of heal wounds
 f - a potion of haste
 g - 4 potions of magic
 h - 3 potions of berserk rage


   Skills:
 + Level 10.7 Fighting
 + Level 9.8 Maces & Flails
 + Level 8.2 Dodging
 + Level 11.2 Stealth


You had 7 spell levels left.
You didn't know any spells.
Your spell library was empty.

Dungeon Overview and Level Annotations

Branches:
Dungeon (1/1)

Altars:
Ashenzari
Cheibriados
Dithmenos
Elyvilon
Fedhas
Gozag
Hepliaklqana
Kikubaaqudgha
Makhleb
Nemelex Xobeh
Okawaru
Qazlal
Ru
Sif Muna
Trog
Uskayaw
Vehumet
Wu Jian
Xom
Yredelemnul
Zin
The Shining One
Jiyva
Lugonu


Innate Abilities, Weirdness & Mutations

You are immune to sickness and miasma.
Your stone body is resilient. (AC +5)
You are immune to poison.
You resist negative energy. (rN+)
You are resistant to electric shocks. (rElec)
You are resistant to unholy torment.
You are immune to petrification.


Message History

The kobold demonologist is moderately wounded.
The kobold demonologist barely misses you.
The ice beast hits your hell hound but does no damage.
Your hell hound bites the ice beast!
Your hellwing hits the kobold demonologist!
Your hellwing closely misses the kobold demonologist.
You completely miss the kobold demonologist.
The kobold demonologist is heavily wounded.
Your hell hound bites the ice beast.
The kobold demonologist closely misses you.
The ice beast hits your hell hound. The ice beast freezes your hell hound!!
Your hell hound is frozen!
Your hell hound dies!
Your hell hound's corpse disappears in a puff of smoke!
The ice devil hits you but does no damage.
Your hellwing hits the kobold demonologist. x2
You swap places.
The kobold demonologist hits your hellwing but does no damage.
Your hellwing hits the kobold demonologist!
Your hellwing hits the kobold demonologist.
The ice devil hits your hellwing. The ice devil freezes your hellwing!
There is an open door here.
Your hellwing disappears in a puff of smoke!
The kobold demonologist casts a spell.
The shadow imp shouts, "Face thy fugue, thou mangled motley-minded guttersnipe!"
The kobold demonologist barely misses you.
The ice devil hits you but does no damage.
There is an open door here.
You miss the kobold demonologist.
The kobold demonologist is almost dead.
The kobold demonologist casts a spell.
The ice devil barely misses you.
You sock the kobold demonologist!
You kill the kobold demonologist!
The ice devil disappears in a puff of smoke!
The quasit disappears in a puff of smoke!
The orange demon disappears in a puff of smoke!
Your Dodging skill increases to level 8!
Your Stealth skill increases to level 11!
You hit the ice beast but do no damage.
The ice beast is almost dead.
The ice beast hits you but does no damage.
You sock the ice beast!
You kill the ice beast!
You hit the large abomination but do no damage.
The large abomination closely misses you.
You hit the large abomination but do no damage.
You completely miss the large abomination.
The large abomination hits you but does no damage.
You hit the large abomination but do no damage.
The large abomination hits you.
You hit the large abomination.
The large abomination is lightly damaged.
The large abomination hits you!
You hit the large abomination but do no damage.
The large abomination is lightly damaged.
The large abomination hits you!!
* * * LOW HITPOINT WARNING * * *
You hit the large abomination but do no damage.
The large abomination is lightly damaged.
The large abomination hits you but does no damage.
You feel much better.
The large abomination hits you but does no damage.
You draw a card...
You have drawn Degeneration.
The large abomination is dazed by the mutagenic energy.
The large abomination closely misses you.
You draw a card...
You have drawn Degeneration.
The large abomination is dazed by the mutagenic energy.
The large abomination is lost in a daze.
You draw a card...
You have drawn Pain.
Press: ? - help, Shift-Dir - straight line, f - large abomination
Aim: a large abomination (lightly damaged, dazed)
The large abomination is unaffected.
The large abomination is lost in a daze.
You draw a card...
You have drawn Vitriol.
Press: ? - help, Shift-Dir - straight line, f/p - large abomination
Aim: a large abomination (lightly damaged, dazed)
The glob of acid hits the large abomination!!
The acid corrodes the large abomination!
The large abomination is severely damaged.
The deck of cards glows with a rainbow of weird colours and disappears.
The large abomination completely misses you.
You hit the large abomination.
The large abomination is severely damaged.
The large abomination is lost in a daze.
You barely miss the large abomination.
The large abomination is severely damaged.
The large abomination is lost in a daze.
You hit the large abomination but do no damage.
The large abomination is severely damaged.
The large abomination hits you!!
Ouch! That really hurt!
* * * LOW HITPOINT WARNING * * *
You barely miss the large abomination.
The large abomination is severely damaged.
The large abomination hits you!!
You die...
Your body glows with a rainbow of weird colours and disappears.

#)##'#.....##...<...#
#.#....)...##.......#
#.#........##.......#
#'###########.......#
#.......#.. #########
#..###..#.# ####
#.......#.#....#
##.###.##†#....#
#.......#@X....+
#.)###..#'#....#
#.......'.# ...#
########### ###


You could see a large abomination (dazed, corroded).

Vanquished Creatures
  A kobold demonologist (D)
  Prince Ribbit (D)
  A flying skull (D)
  A floating eye (D)
  An ice beast (D)
  A gnoll (D)
  An adder (D)
  A white imp (D)
  An orc (D)
  2 giant cockroaches (D)
  2 ball pythons (D)
  A bat (D)
  A giant cockroach zombie (D)
15 creatures vanquished.

Vanquished Creatures (collateral kills)
  Pargi (D)
  A wolf (D)
  A gnoll sergeant (D)
  A scorpion (D)
  A small abomination (D)
  A crimson imp (D)
  An iron imp (D)
  2 gnolls (D)
  A white imp (D)
  A giant cockroach (D)
11 creatures vanquished.

Grand Total: 26 creatures vanquished

Notes
Turn   | Place    | Note
-------+----------+-------------------------------------------
     0 | D        | Darkkill the Gargoyle Monk began the quest for the Orb.
     0 | D        | Reached XP level 1. HP: 14/14 MP: 1/1
    23 | D        | Found a bloodstained altar of Trog.
    23 | D        | Found a shimmering blue altar of Sif Muna.
    23 | D        | Found a viscous altar of Jiyva.
    23 | D        | Found a hazy altar of Hepliaklqana.
    23 | D        | Found an opulent altar of Gozag.
    24 | D        | Found a glowing golden altar of the Shining One.
    24 | D        | Found a glowing silver altar of Zin.
    24 | D        | Found a basalt altar of Yredelemnul.
    24 | D        | Found a shimmering altar of Xom.
    24 | D        | Found an ornate altar of the Wu Jian Council.
    24 | D        | Found a sacrificial altar of Ru.
    24 | D        | Found a stormy altar of Qazlal.
    24 | D        | Found an iron altar of Okawaru.
    24 | D        | Found a sparkling altar of Nemelex Xobeh.
    24 | D        | Found a burning altar of Makhleb.
    24 | D        | Found a blossoming altar of Fedhas.
    24 | D        | Found a white marble altar of Elyvilon.
    24 | D        | Found a shadowy altar of Dithmenos.
    24 | D        | Found a snail-covered altar of Cheibriados.
    26 | D        | Found a radiant altar of Vehumet.
    26 | D        | Found a corrupted altar of Lugonu.
    27 | D        | Found a hide-covered altar of Uskayaw.
    27 | D        | Found an ancient bone altar of Kikubaaqudgha.
    27 | D        | Found a broken altar of Ashenzari.
    35 | D        | Became a worshipper of Nemelex Xobeh the Trickster
    35 | D        | Reached * piety under Nemelex Xobeh
    35 | D        | Received a gift from Nemelex Xobeh
    35 | D        | Received a gift from Nemelex Xobeh
    35 | D        | Reached ** piety under Nemelex Xobeh
    86 | D        | Reached skill level 3 in Stealth
    86 | D        | Reached XP level 2. HP: 20/20 MP: 2/2
   101 | D        | Reached XP level 3. HP: 24/24 MP: 3/3
   111 | D        | Received a gift from Nemelex Xobeh
   166 | D        | Noticed Prince Ribbit
   166 | D        | Noticed a flying skull
   166 | D        | Noticed a floating eye
   167 | D        | Noticed a gnoll sergeant
   169 | D        | Paralysed by a floating eye for 2 turns
   170 | D        | Reached skill level 4 in Stealth
   173 | D        | Killed Prince Ribbit
   174 | D        | Reached skill level 5 in Dodging
   174 | D        | Reached skill level 7 in Stealth
   174 | D        | Reached XP level 4. HP: 24/34 MP: 4/4
   174 | D        | Reached XP level 5. HP: 27/38 MP: 5/5
   174 | D        | Reached XP level 6. HP: 31/44 MP: 6/6
   174 | D        | Paralysed by a floating eye for 4 turns
   179 | D        | Killed a flying skull
   180 | D        | Reached skill level 8 in Stealth
   180 | D        | Paralysed by a floating eye for 4 turns
   185 | D        | Noticed a rust devil
   187 | D        | Killed a floating eye
   188 | D        | Reached skill level 9 in Stealth
   188 | D        | Reached XP level 7. HP: 47/50 MP: 7/7
   245 | D        | Reached skill level 10 in Stealth
   247 | D        | Reached *** piety under Nemelex Xobeh
   247 | D        | Noticed Pargi
   253 | D        | Killed Pargi
   255 | D        | Reached XP level 8. HP: 33/57 MP: 8/8
   258 | D        | Reached skill level 10 in Fighting
   260 | D        | Received a gift from Nemelex Xobeh
   260 | D        | Noticed a kobold demonologist
   260 | D        | Noticed a large abomination
   267 | D        | Noticed an ice devil
   273 | D        | Noticed an orange demon
   273 | D        | Killed a kobold demonologist
   274 | D        | Reached skill level 11 in Stealth
   291 | D        | HP: 7/59 [large abomination (31)]
   292 | D        | Mangled by a large abomination

Illustrated notes

Levels and vault maps discovered:
D:        pitsprint [storerooms_1, entrance_room_1, metal_vault_7, armoury_3,
          mini_pit_1, grid_room_1, main_hall_1, silver_pit, the_coven_1,
          the_vestibule_1, steel_vault_2, golden_pit, hallway_of_sentries,
          crystal_vault_2, iron_vault_5, final_vault]

Skill      XL: |  1  2  3  4  5  6  7  8 |
---------------+-------------------------+-----
Fighting       | 4 7 8 9 10 | 10.7
Dodging        | 3 5 6 7 8 |  8.2
Stealth        | 3 7 9 10 11 | 11.2
Maces & Flails | 4 6 8 9 |  9.8

Action                   |  1- 3 |  4- 6 |  7- 9 || total
-------------------------+-------+-------+-------++-------
Melee: Quarterstaff      |     5 |     3 |    28 ||    36
       Mace              |     2 |       |       ||     2
Invok: Draw Destruction  |     7 |     3 |     4 ||    14
       Draw Summoning    |       |     1 |     1 ||     2
  Use: Potion            |       |     1 |     1 ||     2
       Scroll            |       |       |     1 ||     1
 Stab: Sleeping          |     3 |       |       ||     3
Armor: Robe              |     3 |       |       ||     3
       Chain mail        |     3 |     9 |    24 ||    36
Dodge: Dodged            |     7 |     6 |    12 ||    25

Table legend: (Time is in decaauts)
 A = Elapsed time spent in this place.
 B = Non-inter-level travel time spent in this place.
 C = Inter-level travel time spent in this place.
 D = Time resting spent in this place.
 E = Time spent auto-exploring this place.
 F = Levels seen in this place.
 G = Mean time per level.
                   A        B        C        D        E       F      G
               +--------+--------+--------+--------+--------+-----+--------+
         Total |    293 |    272 |     21 |      0 |      0 |   1 |  293.0 |
       Dungeon |    293 |    272 |     21 |      0 |      0 |   1 |  293.0 |
               +--------+--------+--------+--------+--------+-----+--------+

Top non-repeatable levels by time:
       D: 293 daAuts

Table legend:
 A = Kills in this place as a percentage of kills in entire the game.
 B = Kills by you in this place as a percentage of kills by you in the entire game.
 C = Kills by friends in this place as a percentage of kills by friends in the entire game.
 D = Other kills in this place as a percentage of other kills in the entire game.
 E = Experience gained in this place as a percentage of experience gained in the entire game.
 F = Experience gained in this place divided by the number of levels of this place that you have seen.
                   A       B       C       D       E      F
               +-------+-------+-------+-------+-------+----------------------
         Total | 100.0 | 100.0 | 100.0 |   N/A | 100.0 | 1815.0
       Dungeon | 100.0 | 100.0 | 100.0 |   N/A | 100.0 | 1815.0
               +-------+-------+-------+-------+-------+----------------------
